 Dungeon Crawl Stone Soup version 0.17.0-24-gcfadda4 (webtiles) character file.

1373 Ponchio the Thaumaturge (level 8, -2/41 HPs)
             Began as a Deep Elf Fire Elementalist on Nov 11, 2015.
             Succumbed to poison (a potion of poison)
             ... on level 6 of the Dungeon on Nov 15, 2015.
             The game lasted 01:09:25 (7386 turns).

Ponchio the Thaumaturge (DEFE)                      Turns: 7386, Time: 01:09:25

Health: -2/41      AC:  7    Str: 10    XL:     8   Next: 39%
Magic:  23/23      EV: 13    Int: 28    God:
Gold:   175        SH:  0    Dex: 15    Spells: 2 memorised, 19 levels left

rFire  . . .     SeeInvis .     v - +1 dagger (drain)
rCold  + . .     Clarity  .     a - +1 robe
rNeg   + . .     SustAt   .     (no shield)
rPois  .         Gourm    .     e - +0 helmet
rElec  .         Spirit   .     q - +1 cloak
rCorr  .         Warding  .     (no gloves)
rMut   .         Stasis   .     s - +0 pair of boots
MR     .....                    (no amulet)
Stlth  ++........               g - ring of protection from cold
                                f - ring of positive energy

@: mighty, brilliant, lethally poisoned (-2 -> -27), flying, very slightly
contaminated, invisible, not resistant to hostile enchantments, unstealthy
A: no striking features
a: no special abilities


You were on level 6 of the Dungeon.
You were not hungry.

You visited 1 branch of the dungeon, and saw 6 of its levels.

You collected 175 gold pieces.

Inventory:

Hand Weapons
 v - a +1 dagger of draining (weapon)
Armour
 a - a +1 robe (worn)
 e - a +0 helmet (worn)
 q - a +1 cloak (worn)
 s - a +0 pair of boots (worn)
Jewellery
 f - a ring of positive energy (left hand)
 g - a ring of protection from cold (right hand)
Wands
 k - a wand of fireball (0)
 t - a wand of fire (12)
 u - a wand of polymorph (8)
Scrolls
 d - a scroll of teleportation {unknown}
 m - a scroll of magic mapping
 p - a scroll of random uselessness {unknown}
Books
 b - a book of Flames

   Spells                             Type                      Level
   a - Flame Tongue                   Conjuration/Fire             1
   b - Throw Flame                    Conjuration/Fire             2
   c - Conjure Flame                  Conjuration/Fire             3
   d - Inner Flame                    Hexes/Fire                   3
   e - Sticky Flame                   Conjuration/Fire             4
   f - Fireball                       Conjuration/Fire             5
Comestibles
 c - 4 bread rations
 j - 2 meat rations
 o - 7 fruits


   Skills:
 - Level 2.1 Short Blades
 - Level 2.4 Dodging
 - Level 2.4 Stealth
 + Level 9.1 Spellcasting
 + Level 6.6 Conjurations
 + Level 5.9 Fire Magic


You had 19 spell levels left.
You knew the following spells:

 Your Spells              Type           Power        Failure   Level  Hunger
a - Flame Tongue          Conj/Fire      #####        1%          1    None
b - Fireball              Conj/Fire      ######....   1%          5    ####...


Dungeon Overview and Level Annotations

Branches:
Dungeon (6/15)
 Temple: D:4-7

Altars:
Elyvilon

Annotations:
D:3 Ohli's ghost, amateur OpBe


Message History

You feel sick.
Drink which item? (? for menu, Esc to quit)
It was a potion of brilliance.
You feel clever all of a sudden.
* * * LOW HITPOINT WARNING * * *
You feel sick.
Drink which item? (? for menu, Esc to quit)
It was a potion of poison.
That liquid tasted very nasty...
You are more poisoned.
* * * LOW HITPOINT WARNING * * *
You feel sick.
Drink which item? (? for menu, Esc to quit)
It was a potion of might.
You feel very mighty all of a sudden.
* * * LOW HITPOINT WARNING * * *
You feel very sick.
* * * LOW HITPOINT WARNING * * *
You feel sick.
You fly downwards.
You die...

#. #..###.###.# #.
#..# #.###.#
#.####..# #..##.#
........# #....>#
.....##.# #..##.# ###
#..#.##.###..##.# #.#
........(.......###.#
##.####........>a...#
..a..##.........@####
.:....#..##......Y.#
......#.###........#
.._.....# ##.......#
......#.# ###...###
......#.# #...#
...).## # ##.##
##?### #.


You could see a sky beast and a worker ant.

Vanquished Creatures
  The ghost of Pr0man the Chiller, a novice GrIE (D:5)
  A sky beast (D:5)
  An ogre (D:6)
  2 phantoms
  A water moccasin skeleton (D:5)
  A centaur skeleton (D:4)
  5 hounds
  3 worker ants
  An orc wizard (D:3)
  An iguana (D:4)
  A hound skeleton (D:4)
  4 gnolls (D:2)
  A worker ant zombie (D:5)
  15 adders
  A shadow imp (D:4)
  An ooze (D:2)
  An adder skeleton (D:5)
  4 worms
  6 giant geckos
  13 orcs
  2 ball pythons (D:2)
  2 giant cockroaches
  15 goblins
  6 hobgoblins
  6 jackals (D:2)
  8 bats
  A giant gecko zombie (D:5)
  6 giant newts
  5 kobolds
  6 quokkas
  A quokka skeleton (D:5)
  10 rats
132 creatures vanquished.

Notes
Turn   | Place    | Note
--------------------------------------------------------------
     0 | D:1      | Ponchio the Deep Elf Fire Elementalist began the quest for the Orb.
     0 | D:1      | Reached XP level 1. HP: 10/10 MP: 6/6
   192 | D:1      | Reached XP level 2. HP: 15/15 MP: 2/8
   863 | D:2      | Reached skill level 4 in Spellcasting
   866 | D:2      | Reached XP level 3. HP: 16/19 MP: 3/10
  1170 | D:2      | Upgraded the game from 0.17.0-17-ge4ba49f to 0.17.0-19-gb37c632
  1170 | D:2      | Upgraded the game from 0.17.0-19-gb37c632 to 0.17.0-24-gcfadda4
  1221 | D:2      | Reached XP level 4. HP: 24/24 MP: 9/12
  1240 | D:2      | Reached skill level 5 in Spellcasting
  1792 | D:2      | Reached XP level 5. HP: 28/28 MP: 11/15
  2247 | D:2      | Learned a level 5 spell: Fireball
  2546 | D:3      | Reached skill level 6 in Spellcasting
  3065 | D:3      | Noticed Ohli's ghost (amateur OpBe)
  3695 | D:4      | Reached XP level 6. HP: 32/32 MP: 13/17
  3867 | D:4      | Reached skill level 7 in Spellcasting
  4578 | D:4      | Noticed a phantom
  4593 | D:4      | Killed a phantom
  4593 | D:4      | Reached skill level 5 in Conjurations
  4593 | D:4      | Reached XP level 7. HP: 27/36 MP: 13/20
  5028 | D:5      | Entered Level 5 of the Dungeon
  5028 | D:5      | Noticed Pr0man's ghost (novice GrIE)
  5038 | D:5      | Killed Pr0man's ghost
  5038 | D:5      | Reached skill level 8 in Spellcasting
  5038 | D:5      | Reached skill level 5 in Fire Magic
  5730 | D:5      | Reached XP level 8. HP: 26/41 MP: 8/22
  6374 | D:5      | Reached skill level 1 in Short Blades
  6810 | D:6      | Reached skill level 9 in Spellcasting
  7353 | D:6      | Found a white marble altar of Elyvilon.
  7384 | D:5      | HP: 2/41 [poison (a potion of poison)]
  7386 | D:6      | Succumbed to poison (a potion of poison)

Action                   |  1- 3 |  4- 6 |  7- 9 || total
-------------------------+-------+-------+-------++-------
Melee: Dagger            |     1 |    13 |   327 ||   341
 Cast: Flame Tongue      |    56 |   183 |   120 ||   359
Evoke: Wand              |       |       |     3 ||     3
  Use: Scroll            |       |    10 |     2 ||    12
       Potion            |       |       |     7 ||     7
 Stab: Sleeping          |       |     2 |     1 ||     3
  Eat: Chunk             |     1 |    10 |     5 ||    16
       Beef jerky        |       |       |     1 ||     1
       Fruit             |       |       |     1 ||     1
       Pizza             |       |       |     1 ||     1
